 Dungeon Crawl Stone Soup version 0.31-a0-339-gda1cbd555d (webtiles) character file.

Game seed: 14433391854463639556

271000 juan097 the Severer (level 19, -7/277 HPs)
             Began as a Minotaur Berserker on July 20, 2023.
             Was the Champion of Trog.
             Mangled by a spark wasp zombie (17 damage)
             ... in a wizard's laboratory.
             The game lasted 02:21:39 (39022 turns).

juan097 the Severer (Minotaur Berserker)           Turns: 39022, Time: 02:21:39

Health: -7/277     AC: 33    Str: 33    XL:     19   Next: 44%
Magic:  18/18      EV:  2    Int:  8    God:    Trog [******]
Gold:   1938       SH:  0    Dex: 10    Spells: 18/18 levels left

rFire   + + .        a - +7 battleaxe of Integrity {heavy, rF+ SInv}
rCold   + . .        (shield currently unavailable)
rNeg    . . .        t - melded +6 scale mail "Couts" {-Cast rF++ Regen+ Str+2}
rPois   +            q - melded +0 hat of Hospitality {*Slow rPois Will+++}
rElec   .            R - melded +2 cloak
rCorr   .            g - melded +2 pair of gloves
SInv    +            c - melded +2 pair of boots {Stlth+}
Will    +....        M - amulet of Attitude {Regen+ Int+4 Slay+2}
Stlth   +++          m - ring of the Voracious God {rF+ rC+ Str+3, =R}
HPRegen 1.46/turn    Q - +4 ring of protection
MPRegen 0.16/turn

%: no passive effects
@: tree-form, slowed, very slow
A: stationary, stasis, torment immunity, boosted hp, (horns 2), (retaliatory
headbutt)
}: 2/15 runes: barnacled, gossamer
a: Renounce Religion, Berserk, Trog's Hand, Brothers in Arms


You were in a wizard's laboratory.
You worshipped Trog.
Trog was exalted by your worship.
You were a tree.
You visited 7 branches of the dungeon, and saw 32 of its levels.
You also visited: Sewer, Gauntlet and Wizlab.

You collected 4801 gold pieces.
You spent 2863 gold pieces at shops.

Inventory:

Hand Weapons
 a - the +7 battleaxe of Integrity (weapon) {heavy, rF+ SInv}
   (You bought it in a shop on level 2 of the Orcish Mines)

   rF:        It protects you from fire.
   SInv:      It lets you see invisible.
 b - a +6 antimagic executioner's axe
Missiles
 h - 10 boomerangs of dispersal
 C - 33 boomerangs (quivered)
 H - 6 throwing nets
 K - 9 datura-tipped darts
 L - 47 javelins
 N - a silver boomerang
Armour
 c - a +2 pair of boots of stealth (melded)
 g - a +2 pair of gloves (melded)
 q - the +0 hat of Hospitality (melded) {*Slow rPois Will+++}
   (You acquired it on level 2 of the Spider Nest)

   rPois:     It protects you from poison.
   *Slow:     It may slow you when you take damage.
   Will:      It greatly increases your willpower.
 t - the +6 scale mail "Couts" (melded) {-Cast rF++ Regen+ Str+2}
   (You found it on level 2 of the Spider Nest)

   Str:       It affects your strength (+2).
   rF:        It greatly protects you from fire.
   -Cast:     It prevents spellcasting.
   Regen:     It increases your rate of health regeneration.
 R - a +2 cloak (melded)
Jewellery
 m - the ring of the Voracious God (left branch) {rF+ rC+ Str+3, =R}
   (You bought it in a shop on level 10 of the Dungeon)

   [ring of protection from cold]

   Str:       It affects your strength (+3).
   rF:        It protects you from fire.
   rC:        It protects you from cold.
 n - a ring of flight
 p - a ring of resist corrosion
 M - the amulet of Attitude (around neck) {Regen+ Int+4 Slay+2}
   (You found it in a Gauntlet)

   [amulet of regeneration]

   Int:       It affects your intelligence (+4).
   Slay:      It affects your accuracy & damage with ranged weapons and melee
   (+2).
   Regen:     It increases your rate of health regeneration.
 P - a ring of protection from cold
 Q - a +4 ring of protection (right branch)
Wands
 z - a wand of digging (8)
 G - a wand of quicksilver (35)
 O - a wand of iceblast (10)
 V - a wand of flame (32)
Scrolls
 d - 2 scrolls of blinking
 j - a scroll of summoning
 k - 5 scrolls of poison
 o - 12 scrolls of teleportation
 y - 5 scrolls of enchant weapon
 A - 3 scrolls of fear
 J - 4 scrolls of fog
 U - a scroll of revelation
 W - 2 scrolls of silence
Potions
 e - 11 potions of curing
 l - 7 potions of heal wounds
 r - 5 potions of invisibility
 s - 7 potions of cancellation
 u - 3 potions of resistance
 v - a potion of berserk rage
 D - 3 potions of lignification
 E - 3 potions of enlightenment
 F - 6 potions of ambrosia
 I - 8 potions of might
 S - 7 potions of attraction
 Y - 3 potions of haste
Miscellaneous
 w - a phial of floods (inert)
 x - a box of beasts
 T - a lightning rod (4/4)
 Z - a phantom mirror


   Skills:
 - Level 20.0 Fighting
 + Level 20.9 Axes
 - Level 8.0 Ranged Weapons
 + Level 13.2 Throwing
 - Level 18.0 Armour
 - Level 12.0 Dodging
 + Level 5.3 Stealth
 - Level 12.0 Evocations


You had 18 spell levels left.
You didn't know any spells.
Your spell library contained the following spells:

 Spells                   Type           Power      Damage    Failure   Level
 Summon Guardian Golem    Hex/Summ       0%         N/A       78%         3
 Orb of Destruction       Conj           0%         9d5       100%        7
 Spellforged Servitor     Conj/Summ      0%         N/A       100%        7


Dungeon Overview and Level Annotations

Branches:
Dungeon (15/15)            Temple (1/1) D:7            Lair (5/5) D:8
 Shoals (4/4) Lair:3       Spider (4/4) Lair:3        Slime (0/5) Lair:5
    Orc (2/2) D:11            Elf (0/3) Orc:2        Vaults (1/5) D:14
 Depths (0/4) D:15          Sewer (visited)          WizLab (1/1)
Gauntlet (visited)

Altars:
Ashenzari
Cheibriados
Dithmenos
Elyvilon
Fedhas
Gozag
Hepliaklqana
Kikubaaqudgha
Makhleb
Nemelex Xobeh
Okawaru
Qazlal
Ru
Sif Muna
Trog
Uskayaw
Vehumet
Wu Jian
Xom
Yredelemnul
Zin
The Shining One

Shops:
D:2 !   D:8 *   D:10 =   Orc:2 *!([   Shoals:1 [

Annotations:
D:9 exclusion: two-headed ogre


Innate Abilities, Weirdness & Mutations

You are a tree.
Your roots penetrate the ground, keeping you stationary.
You cannot be teleported.
You are immune to unholy pain and torment.
Your maximum health is greatly increased.
Your equipment is partially melded.
((You have a pair of horns on your head.))
((You reflexively headbutt those who attack you in melee.))


Message History

You feel as though you will be slow longer.
The death scarab draws strength from your injuries!
The death scarab bites you but does no damage. x2
The spark wasp zombie hits you but does no damage.
The death scarab bites you but does no damage.
The royal mummy hits you!
The stone giant zombie hits you but does no damage.
A mummy priest comes into view.
The death scarab bites you!!
* * * LOW HITPOINT WARNING * * *
The death scarab drains your vigour!
You feel as though you will be slow longer.
The death scarab draws strength from your injuries!
The fire giant zombie barely misses you.
The spark wasp zombie hits you but does no damage.
You chop the royal mummy into pieces!!!
The royal mummy is severely damaged.
You hit the death scarab.
You hit the death scarab but do no damage.
You hit the stone giant zombie. You slice the fire giant zombie!!
You barely miss the spark wasp zombie. The death scarab bites you!
* * * LOW HITPOINT WARNING * * *
The death scarab draws strength from your injuries!
The death scarab bites you!
* * * LOW HITPOINT WARNING * * *
The death scarab draws strength from your injuries!
The death scarab bites you!
* * * LOW HITPOINT WARNING * * *
The death scarab draws strength from your injuries!
The death scarab bites you!
* * * LOW HITPOINT WARNING * * *
The death scarab draws strength from your injuries!
The death scarab bites you!
* * * LOW HITPOINT WARNING * * *
The death scarab drains your vigour!
You feel as though you will be slow longer.
The death scarab draws strength from your injuries!
The royal mummy hits you but does no damage.
The spark wasp zombie hits you!
You die...

....###...............§[§
.###....................§ .#
#......[..............
.###............[........
.........................
.....###.M...............
.....# #.(.....B........
.....###......§BZZ......
###......(.....B♣...........#
# #.......[...§MZ.[.........#
###.............B...........#
............................#
............................#
.....###.............[......#
.....#........[.............#
.....###....................#
............................#


You could see a royal mummy, a mummy priest, 4 death scarabs, a stone giant
zombie, a fire giant zombie and a spark wasp zombie.

Vanquished Creatures
  Nikola (Shoals:2)
  A sphinx (Shoals:3)
  A kraken (Shoals:4)
  Agnes (Spider:2)
  Aizul (Vaults:1)
  Ilsuiw (Shoals:3)
  A vault warden (Vaults:1)
  7 emperor scorpions
  An orc warlord (Orc:1)
  The ghost of Haoj the Warrior, a journeyman DjVM of Elyvilon (D:12)
  4 ghost moths
  The ghost of Anupeecu the Cleaver, a journeyman DsMo of Makhleb (D:13)
  6 broodmothers
  A formless jellyfish (Vaults:1)
  2 eleionomae (Shoals:2)
  4 minotaurs
  The ghost of ForestMusic the Severer, a journeyman MiBe of Trog (Lair:2)
  7 spark wasps
  Snorg (D:13)
  3 mummy priests (WizLab)
  The ghost of Wosoask the Markskobold, a journeyman KoHu of Hepliaklqana (D:13)
  8 merfolk impalers
  4 merfolk javelineers
  5 entropy weavers
  2 yaktaur captains (Vaults:1)
  An ettin (D:15)
  4 vault guards (D:14)
  3 hydras
  4 radroaches
  4 ogre magi
  6 jorogumos
  The ghost of arthad the Geomancer, a journeyman GrEE of Gozag (D:11)
  6 merfolk aquamancers
  An ironbound frostheart (Vaults:1)
  A catoblepas (Lair:3)
  6 merfolk avatars
  8 centaur warriors
  2 boulder beetles
  15 satyrs
  11 death yaks
  19 two-headed ogres
  A tengu warrior (D:15)
  6 death scarabs
  2 spectral emperor scorpions (Spider:4)
  11 demonic crawlers
  Urug (Lair:5)
  2 sun moths (Spider:4)
  3 skysharks
  7 pharaoh ants
  9 sea snakes
  3 deep trolls (D:15)
  8 orb spiders
  An orange crystal statue (Spider:2)
  Pikel (D:6)
  12 harpies
  A broodmother zombie (Spider:4)
  A spectral wolf spider (Spider:4)
  A spectral jorogumo (Spider:4)
  An obsidian statue (D:10)
  A wolf spider zombie (Spider:4)
  A necromancer (D:15)
  11 steelbarb worms
  2 ironbound convokers (Vaults:1)
  3 orc knights (Orc:1)
  3 deep elf pyromancers
  11 ugly things
  22 manticores
  20 wolf spiders
  32 fauns
  4 cyclopes
  8 moths of wrath
  A stone giant zombie (WizLab)
  6 elephants (Lair:5)
  3 black mambas
  7 merfolk sirens
  4 water nymphs
  An eye of devastation (Gauntlet)
  Joseph (D:7)
  2 vault sentinels (Vaults:1)
  12 torpor snails
  18 cane toads
  A gargoyle (D:14)
  2 rime drakes
  A kobold demonologist (D:12)
  3 yaktaurs (Vaults:1)
  An unseen horror (D:10)
  A freezing wraith (D:14)
  An efreet (D:15)
  4 spectral redbacks (Spider:4)
  Psyche (D:8)
  A tengu conjurer (D:15)
  18 komodo dragons
  7 wind drakes
  7 trolls
  40 merfolk
  A spectral jumping spider (Spider:4)
  8 meliai
  6 polar bears
  2 spectral tarantellas (Spider:4)
  2 queen bees
  A wolf spider simulacrum (D:14)
  A spectral culicivora (Spider:4)
  2 jumping spider zombies (Spider:4)
  8 hornets
  A queen bee (shapeshifter) (D:14)
  36 tarantellas
  A culicivora zombie (Spider:4)
  14 blink frogs
  2 spriggan zombies (WizLab)
  5 snapping turtles
  9 dream sheep
  23 jumping spiders
  14 spriggans (Lair:5)
  A jumping spider (shapeshifter) (D:15)
  13 slime creatures
  A spriggan (shapeshifter) (D:14)
  19 culicivoras
  24 water elementals
  A yak (shapeshifter) (D:13)
  48 yaks
  4 wraiths
  3 wyverns
  2 basilisks
  2 steam dragons
  54 redbacks
  5 vampire mosquitoes
  A warg (Orc:2)
  Edmund (D:6)
  An acid dragon (D:11)
  2 floating eyes (Gauntlet)
  9 water moccasins
  24 orc warriors
  A hornet zombie (D:6)
  25 ogres
  2 sky beasts
  5 black bears
  An ice beast (D:7)
  27 wolves
  10 boggarts
  11 centaurs
  3 lemures (D:5)
  3 phantoms
  2 gnoll sergeants (D:12)
  5 kobold brigands
  14 bullfrogs
  10 scorpions
  A necrophage (D:6)
  A spectral water moccasin (D:6)
  3 wights (D:8)
  A water moccasin skeleton (D:6)
  14 killer bees
  7 howler monkeys
  6 electric eels
  3 hounds
  A jelly (Lair:4)
  A gnoll bouda (D:5)
  12 orc priests
  An iron imp (D:5)
  An iguana (D:5)
  33 orc wizards
  A bullfrog simulacrum (D:6)
  11 gnolls
  9 adders
  A shadow imp (D:8)
  2 white imps (D:7)
  2 ufetubi (D:5)
  4 worms
  3 dart slugs
  90 orcs
  20 endoplasms
  8 giant cockroaches
  4 goblins
  5 hobgoblins
  7 jackals
  26 kobolds
  5 quokkas
  6 ball pythons
  8 bats
  4 frilled lizards
  12 rats
  6 tentacles (Shoals:4)
1279 creatures vanquished.

Vanquished Creatures (collateral kills)
  A minotaur (Gauntlet)
  6 death yaks (Gauntlet)
  A tengu warrior (D:9)
  A necromancer (Gauntlet)
  A black mamba (Lair:1)
  A yak (Lair:1)
  An electric eel (D:9)
12 creatures vanquished.

Vanquished Creatures (others)
  A merfolk siren (Shoals:3)
  A jumping spider (Spider:4)
  A boggart (D:15)
  2 orc wizards
  An orc (D:8)
  9 tentacles (Shoals:4)
15 creatures vanquished.

Grand Total: 1306 creatures vanquished

Notes
Turn   | Place    | Note
-------+----------+-------------------------------------------
     0 | D:1      | juan097 the Minotaur Berserker began the quest for the Orb.
     0 | D:1      | Reached XP level 1. HP: 19/19 MP: 0/0
   120 | D:1      | Reached XP level 2. HP: 25/27 MP: 1/1
   526 | D:1      | Reached XP level 3. HP: 33/33 MP: 2/2
   574 | D:2      | Reached ** piety under Trog
   720 | D:2      | Found Odal's Distillery.
  1283 | D:2      | Reached skill level 1 in Stealth
  1483 | D:3      | Found a faded altar of an unknown god.
  1537 | D:3      | Reached XP level 4. HP: 40/40 MP: 3/3
  1542 | D:3      | Found a glowing drain.
  1568 | Sewer    | Entered a sewer
  1660 | Sewer    | Reached *** piety under Trog
  1730 | Sewer    | Noticed a kobold brigand
  1754 | Sewer    | Killed a kobold brigand
  1755 | Sewer    | Reached skill level 5 in Axes
  1755 | Sewer    | Reached XP level 5. HP: 26/47 MP: 4/4
  2498 | D:4      | Reached XP level 6. HP: 47/53 MP: 5/5
  2619 | D:4      | Reached skill level 5 in Fighting
  3025 | D:2      | Bought a potion of degeneration for 11 gold pieces
  3025 | D:2      | Bought a potion of curing for 33 gold pieces
  3025 | D:2      | Bought a potion of lignification for 33 gold pieces
  3025 | D:2      | Bought a potion of enlightenment for 55 gold pieces
  3114 | D:5      | Entered Level 5 of the Dungeon
  3120 | D:5      | Reached **** piety under Trog
  3121 | D:5      | Reached XP level 7. HP: 41/61 MP: 6/6
  3775 | D:5      | Found a shimmering blue altar of Sif Muna.
  3859 | D:5      | Found a shadowy altar of Dithmenos.
  3876 | D:5      | Reached skill level 5 in Armour
  3882 | D:5      | Reached skill level 1 in Evocations
  4039 | D:5      | Found a glowing silver altar of Zin.
  4039 | D:5      | Found a sparkling altar of Nemelex Xobeh.
  4040 | D:5      | Found a white marble altar of Elyvilon.
  4043 | D:5      | Found a blossoming altar of Fedhas.
  4098 | D:5      | Found a burning altar of Makhleb.
  4151 | D:5      | Found a snail-covered altar of Cheibriados.
  4253 | D:4      | Reached XP level 8. HP: 70/70 MP: 7/7
  4584 | D:6      | Noticed Pikel
  4736 | D:6      | Killed Pikel
  5306 | D:6      | Found a shimmering altar of Xom.
  5354 | D:6      | Found a shimmering altar of Xom.
  5354 | D:6      | Found a shimmering altar of Xom.
  5356 | D:6      | Found a shimmering altar of Xom.
  5375 | D:6      | Reached XP level 9. HP: 79/79 MP: 8/8
  5377 | D:6      | Noticed Edmund
  5391 | D:6      | Killed Edmund
  5756 | D:7      | Reached skill level 10 in Axes
  5756 | D:7      | Reached skill level 1 in Ranged Weapons
  5805 | D:7      | Found an iron altar of Okawaru.
  5872 | D:7      | Found a staircase to the Ecumenical Temple.
  5879 | D:7      | Noticed Joseph
  5902 | D:7      | Killed Joseph
  5935 | Temple   | Entered the Ecumenical Temple
  6935 | D:8      | Noticed a troll
  6951 | D:8      | Killed a troll
  6952 | D:8      | Reached XP level 10. HP: 88/88 MP: 9/9
  6969 | D:8      | Found Buwonots's Assorted Antiques.
  6975 | D:8      | Bought a scroll of identify for 50 gold pieces
  6979 | D:8      | Bought a sharpened glass wand for 100 gold pieces
  7465 | D:8      | Reached ***** piety under Trog
  7473 | D:8      | Found a broken altar of Ashenzari.
  7474 | D:8      | Noticed Psyche
  7484 | D:8      | Killed Psyche
  7558 | D:8      | Reached skill level 1 in Throwing
  7892 | D:8      | Found a staircase to the Lair.
  8063 | Lair:1   | Entered Level 1 of the Lair of Beasts
  8063 | Lair:1   | Noticed a cane toad
  8073 | D:8      | Killed a cane toad
  8175 | Lair:1   | Reached skill level 5 in Dodging
  8307 | Lair:1   | Noticed a cane toad
  8317 | Lair:1   | Killed a cane toad
  8337 | Lair:1   | Noticed a black mamba
  8343 | Lair:1   | Killed a black mamba
  8347 | Lair:1   | Reached XP level 11. HP: 78/97 MP: 10/10
  9432 | Lair:1   | Reached skill level 10 in Fighting
 10095 | Lair:2   | Found a runed translucent gate.
 10095 | Lair:2   | Found a runed translucent gate.
 10095 | Lair:2   | Found a runed translucent gate.
 10207 | Lair:2   | Noticed a minotaur
 10208 | Lair:2   | Noticed ForestMusic's ghost (journeyman MiBe)
 10302 | Lair:2   | Noticed a five-headed hydra
 10827 | D:6      | Identified the +8 dagger of Wailus {pain, *Noise rN+ rCorr
                  | SInv}
 11638 | D:9      | Reached skill level 5 in Evocations
 11738 | D:9      | Noticed a tengu warrior
 11885 | D:9      | Noticed a two-headed ogre
 11916 | D:9      | Killed a tengu warrior
 12088 | D:9      | Identified the +2 dagger of the Shining Light {freeze,
                  | Drain Will++ rCorr Stlth+}
 12944 | D:10     | Entered Level 10 of the Dungeon
 12992 | D:10     | Reached XP level 12. HP: 84/110 MP: 11/11
 13127 | D:10     | Noticed a two-headed ogre
 13140 | D:10     | Killed a two-headed ogre
 13473 | D:10     | Found Tiph's Jewellery Shoppe.
 13667 | D:10     | Noticed a two-headed ogre
 13674 | D:10     | Killed a two-headed ogre
 14044 | D:11     | Found a staircase to the Orcish Mines.
 14362 | D:11     | Noticed a two-headed ogre
 14391 | D:11     | Killed a two-headed ogre
 14392 | D:11     | Reached skill level 10 in Armour
 14533 | D:11     | Noticed arthad's ghost (journeyman GrEE)
 14533 | D:11     | Identified the +5 great mace "Jeworymu" {flame, rPois
                  | Stlth+}
 14533 | D:11     | Identified the +3 great mace "Poemyffi" {drain, MP+9 Dex+3}
 14533 | D:11     | Noticed a two-headed ogre
 14534 | D:11     | Found a transporter.
 14534 | D:11     | Noticed a two-headed ogre
 14534 | D:11     | Noticed a two-headed ogre
 14719 | D:11     | Received a gift from Trog
 14821 | Orc:1    | Entered Level 1 of the Orcish Mines
 14922 | Orc:1    | Found an ornate altar of the Wu Jian Council.
 14922 | Orc:1    | Found a transporter.
 15198 | Orc:1    | Found a transporter.
 15205 | Orc:1    | Found a transporter.
 15225 | Orc:1    | Found a transporter.
 15226 | Orc:1    | Found an ornate altar of the Wu Jian Council.
 15226 | Orc:1    | Noticed an orc warlord
 15319 | Orc:2    | Entered Level 2 of the Orcish Mines
 15504 | Orc:2    | Found a staircase to the Elven Halls.
 15547 | Orc:2    | Found a gate leading to a gauntlet.
 15559 | Gauntlet | Entered a Gauntlet
 15559 | Gauntlet | Found a transporter.
 15559 | Gauntlet | Found a transporter.
 15559 | Gauntlet | Found a transporter.
 15563 | Gauntlet | Found a transporter.
 15563 | Gauntlet | Found a transporter.
 15563 | Gauntlet | Found a transporter.
 15573 | Gauntlet | Found a transporter.
 15577 | Gauntlet | Found a transporter.
 15592 | Gauntlet | Found a transporter.
 15592 | Gauntlet | Found a transporter.
 15592 | Gauntlet | Noticed a death yak
 15592 | Gauntlet | Noticed a death yak
 15594 | Gauntlet | Noticed a death yak
 15687 | Gauntlet | Found a transporter.
 15691 | Gauntlet | Found a transporter.
 15700 | Gauntlet | Noticed a death yak
 15701 | Gauntlet | Noticed a death yak
 15703 | Gauntlet | Noticed a death yak
 15769 | Gauntlet | Paralysed by a floating eye for 2 turns
 15911 | Gauntlet | Killed a death yak
 15913 | Gauntlet | Killed a death yak
 15915 | Gauntlet | Killed a death yak
 15917 | Gauntlet | Killed a death yak
 15919 | Gauntlet | Killed a death yak
 15923 | Gauntlet | Killed a death yak
 15924 | Gauntlet | Reached XP level 13. HP: 118/118 MP: 12/12
 15932 | Gauntlet | Identified the amulet of Attitude {Regen+ Int+4 Slay+2}
 15947 | Gauntlet | Identified the +4 rapier of Integrity {vamp, rPois rC+
                  | Str-4}
 15947 | Gauntlet | Noticed a minotaur
 15955 | Gauntlet | Killed a minotaur
 15976 | Gauntlet | Identified the staff "Gywang" {Stlth+ Conj}
 16117 | Orc:2    | Reached skill level 15 in Axes
 16406 | Orc:2    | Received a gift from Trog
 16576 | Orc:2    | Found Reqofe's Antique Weapon Emporium.
 16576 | Orc:2    | Found Mahuorr's Antique Armour Shop.
 16577 | Orc:2    | Found Xas Lio's General Store.
 16577 | Orc:2    | Found Inot's Distillery.
 16653 | Orc:2    | Bought a potion of might for 60 gold pieces
 16654 | Orc:2    | Bought a potion of attraction for 36 gold pieces
 16979 | Orc:1    | Reached skill level 5 in Throwing
 17233 | Orc:1    | Killed an orc warlord
 17349 | Orc:2    | Bought a twisted battleaxe for 379 gold pieces
 17349 | Orc:2    | Identified the +7 battleaxe of Integrity {heavy, rF+ SInv}
                  | (You bought it in a shop on level 2 of the Orcish Mines)
 17519 | D:10     | Bought the ring of the Voracious God {rF+ rC+ Str+3} for
                  | 453 gold pieces
 17709 | D:2      | Bought a potion of magic for 88 gold pieces
 17709 | D:2      | Bought a potion of mutation for 88 gold pieces
 17895 | Lair:2   | You fall into a shaft and drop 2 floors!
 18199 | Lair:3   | Found a staircase to the Shoals.
 19147 | Lair:3   | Reached XP level 14. HP: 122/127 MP: 13/13
 19456 | Lair:3   | Found a hole to the Spider Nest.
 20265 | Lair:5   | Entered Level 5 of the Lair of Beasts
 20276 | Lair:5   | Found a staircase to the Slime Pits.
 20380 | Lair:5   | Reached ****** piety under Trog
 20385 | Lair:5   | Reached skill level 10 in Dodging
 20457 | Lair:5   | Noticed Urug
 20467 | Lair:5   | Killed Urug
 20470 | Lair:5   | Received a gift from Trog
 21023 | Lair:5   | Found the +4 skin of Zhor {*Englaciate rC+++ SInv}
 21128 | Lair:5   | Reached XP level 15. HP: 138/138 MP: 14/14
 21238 | Lair:5   | Identified the +7 halberd "Newt's Curse" {freeze, *Slow rC+
                  | rCorr Int+5}
 21623 | D:8      | Bought a scroll of blinking for 187 gold pieces
 21797 | Orc:2    | Bought a potion of resistance for 150 gold pieces
 21797 | Orc:2    | Bought a potion of cancellation for 120 gold pieces
 21876 | D:11     | Found a transporter.
 21988 | D:11     | Killed arthad's ghost
 22227 | D:12     | You fall into a shaft and drop 2 floors!
 22344 | D:13     | Noticed Snorg
 22348 | D:13     | Killed Snorg
 22488 | D:12     | Received a gift from Trog
 22509 | D:12     | Identified the +8 dagger of Mibecikh {drain, *Noise rC+
                  | Int+3 Dex+3}
 22572 | D:12     | Noticed Haoj's ghost (journeyman DjVM)
 22586 | D:12     | Found a transporter.
 22591 | D:12     | Found a transporter.
 23116 | D:12     | Killed Haoj's ghost
 23128 | D:12     | HP: 9/207 [queen bee (5)]
 23301 | D:13     | Found a runed translucent gate.
 23303 | D:13     | Found a runed translucent gate.
 23303 | D:13     | Found a runed translucent gate.
 23706 | D:13     | Noticed Anupeecu's ghost (journeyman DsMo)
 23706 | D:13     | Noticed Wosoask's ghost (journeyman KoHu)
 23974 | D:14     | Found a gate to the Vaults.
 24146 | D:14     | Reached skill level 15 in Fighting
 24723 | D:15     | Entered Level 15 of the Dungeon
 24889 | D:15     | Received a gift from Trog
 24926 | D:15     | Found a staircase to the Depths.
 25770 | D:13     | Killed Anupeecu's ghost
 25774 | D:13     | Killed Wosoask's ghost
 25786 | D:13     | Identified the +1 helmet "Cukkaobu" {-Tele rElec rN+}
 26048 | Lair:2   | Reached XP level 16. HP: 104/151 MP: 15/15
 26048 | Lair:2   | Killed ForestMusic's ghost
 26339 | Spider:1 | Entered Level 1 of the Spider Nest
 26349 | Lair:3   | Reached skill level 5 in Ranged Weapons
 26974 | Spider:1 | Received a gift from Trog
 27450 | Orc:2    | Bought a potion of invisibility for 120 gold pieces
 27459 | Orc:2    | Bought a phial of floods for 480 gold pieces
 27869 | Spider:2 | Noticed Agnes
 27882 | Spider:2 | Killed Agnes
 28139 | Spider:2 | Identified a scroll of acquirement
 28142 | Spider:2 | Acquired the +0 hat of Hospitality {*Slow rPois Will+++}
 28173 | Spider:2 | Reached skill level 15 in Armour
 28762 | Spider:2 | Identified the +0 scale mail "Fuimod" {Will+ Str+4}
 28774 | Spider:2 | Found a transporter.
 28792 | Spider:2 | Found a transporter.
 29323 | Spider:3 | Paralysed by a jorogumo for 2 turns
 29702 | Spider:3 | Received a gift from Trog
 29728 | Spider:3 | Reached XP level 17. HP: 143/161 MP: 16/16
 29760 | Spider:3 | Identified the +9 falchion "Qialaleh" {heavy, rPois rF+
                  | Stlth+}
 30750 | Spider:4 | Entered Level 4 of the Spider Nest
 30795 | Spider:4 | Reached skill level 10 in Evocations
 31405 | Spider:4 | Received a gift from Trog
 32287 | Spider:4 | Got a gossamer rune of Zot
 32654 | Shoals:1 | Entered Level 1 of the Shoals
 32683 | Shoals:1 | Identified the +3 leather armour "Hoem" {rCorr Str+2}
 33057 | Shoals:1 | Reached XP level 18. HP: 173/174 MP: 17/17
 33117 | Shoals:1 | Found Qaatz's Antique Armour Shop.
 33131 | Shoals:1 | Bought a pair of glowing gloves for 217 gold pieces
 33155 | Shoals:1 | Bought a glowing scale mail for 203 gold pieces
 33222 | Shoals:1 | Received a gift from Trog
 33629 | Shoals:2 | Noticed Nikola
 33637 | Shoals:2 | Killed Nikola
 33945 | Shoals:2 | Received a gift from Trog
 34698 | Shoals:3 | Noticed Ilsuiw
 34721 | Shoals:3 | Killed Ilsuiw
 35849 | Shoals:4 | Entered Level 4 of the Shoals
 35861 | Shoals:4 | Received a gift from Trog
 35867 | Shoals:4 | Reached skill level 10 in Throwing
 36605 | Shoals:4 | Identified the +4 battleaxe of Brawling {flame, Dex+5
                  | Stlth-} (Trog gifted it to you on level 4 of the Shoals)
 36605 | Shoals:4 | Received a gift from Trog
 36665 | Shoals:4 | Identified the +4 plate armour of Defence {Will+}
 36849 | Shoals:3 | Reached XP level 19. HP: 134/185 MP: 18/18
 37702 | Shoals:4 | Got a barnacled rune of Zot
 38175 | Spider:2 | Identified the +6 scale mail "Couts" {-Cast rF++ Regen+
                  | Str+2}
 38288 | Spider:2 | Identified the +4 dagger of Kihouq {flame, rCorr MP+9}
 38598 | Vaults:1 | Entered Level 1 of the Vaults
 38720 | Vaults:1 | Reached skill level 5 in Stealth
 38745 | Vaults:1 | Noticed Aizul
 38752 | Vaults:1 | Killed Aizul
 38789 | Vaults:1 | Found a magical portal.
 38803 | WizLab   | Entered Doroklohe's Tomb
 39012 | WizLab   | Received a gift from Trog
 39013 | WizLab   | Noticed a royal mummy
 39022 | WizLab   | HP: 10/277 [death scarab[a royal mummy] (11)]
 39022 | WizLab   | Mangled by a spark wasp zombie

Illustrated notes

Levels and vault maps discovered:
D:1:      ebering_hopf_link, layout_rooms, minmay_tall_x
D:2:      layout_basic, serial_shops, shop, chequers_serial_rivers_small_b
D:3:      layout_loops_cross, basic_ecumenical_altar,
          cheibrodos_sewer_entry_bend, small_statue_intersection
D:4:      layout_cave_pools, nzn_random_ring
D:5:      layout_rooms, mainiacjoe_overflow_brackets,
          mainiacjoe_overflow_small_starburst, chei_slow_surprise,
          nicolae_sif_muna_condensation, minitemple
D:6:      layout_rooms, xom_redecorated, dilly_guarded_unrand_morg, uniq_pikel,
          uniq_edmund
D:7:      layout_basic, kennysheep_mini, minmay_temple_entry_sparse_star,
          uniq_joseph
D:8:      layout_loops_ring, lemuel_tele_altar, erik_lair_island, serial_shops,
          shop, grunt_ministairs_14, kb_lookout_dungeons_type, uniq_psyche
D:9:      layout_loops_cross, grunt_decor_resistance, kennysheep_island_fort
D:10:     layout_stronghold, serial_shops, nicolae_shop_gaudy_bauble,
          minivault_16, nicolae_twisting_strands
D:11:     layout_big_octagon, hiddenorc2_lemuel, gammafunk_ghost_smash
D:12:     layout_irregular_city, gammafunk_ghost_hive, minmay_between
D:13:     layout_loops_ring, gammafunk_ghost_cemetery, st_stairs_5, uniq_snorg
D:14:     layout_roguey, lightli_vaults_fourway_checkpoint, chequers_big_river,
          amcnicky_mini_pool_small, amethyst_killhole
D:15:     hangedman_depths_entry_civil_slaughter, layout_small_grid,
          fungi_pond_lemuel
Temple:   nicolae_temple_bog_church
Lair:1:   layout_hall_layers
Lair:2:   layout_concentric_octagons, maelrawn_ghost_gauntlet_escape,
          grunt_megastairs_4, serial_bayou_shore_b
Lair:3:   layout_regular_city, minmay_shoals_entry_centaurs,
          nicolae_spider_entry_non_spiders
Lair:4:   layout_gridlike, lemuel_fruit_tree
Lair:5:   minmay_lair_end_enchanted_forest, layout_hall_layers,
          nicolae_slime_entry_slimehenge, chequers_serial_rivers_small_3,
          hellmonk_guarded_unrand_zhor, uniq_urug
Shoals:1: layout_shoals, serial_shops, nicolae_square_shop
Shoals:2: layout_shoals, nicolae_shoals_lost_giant_hut,
          nicolae_shoals_enchanted_isle, uniq_nikola
Shoals:3: layout_shoals, nicolae_shoals_wave_tunnel, uniq_ilsuiw
Shoals:4: shoals_end_hellmonk_lost_city
Spider:1: layout_spider_delve
Spider:2: gammafunk_sealed_arena, dreamdust_wasp_nest, uniq_agnes
Spider:3: layout_chambers
Spider:4: floodkiller_spider_rune_tomb, nicolae_spider_bug_shape
Orc:1:    dreamdust_wu_jian_sword_trials, layout_diamond_mine, basic_altar,
          nicolae_orc_bridge_out
Orc:2:    st_orc_ogre_mass, layout_diamond_mine, gauntlet_entry_generic
Vaults:1: infiniplex_enter_wizlab_spiral, nicolae_vaults_big_ls,
          vaults_standard_mumra_x, nicolae_vaults_trapezoid_lopsided_3,
          v_alt_pattern_6, ontoclasm_vaults_shout, ontoclasm_vaults_idyll,
          nicolae_vaults_door_testing_chamber, nicolae_vaults_circle_grid_b,
          v_alt_pattern_4, nicolae_vaults_little_ls,
          nicolae_vaults_little_squares_3, nicolae_vaults_trapezoid_lopsided_1,
          grunt_vaults_hallway_long, nicolae_vaults_cochlea,
          vaults_room_corners, layout_vaults_omnibox, serial_shops, shop,
          uniq_saint_roka, uniq_aizul
WizLab:   wizlab_doroklohe

Skill      XL: |  1  2  3  4  5  6  7  8  9 10 11 12 13 14 15 16 17 18 19 |
---------------+----------------------------------------------------------+-----
Axes           | 4 5 6 7 9 11 12 14 16 18 20 | 20.9
Fighting       | 4 5 7 8 9 11 12 14 16 17 18 20 | 20.0
Armour         | 3 4 5 6 7 9 11 12 14 15 17 18 | 18.0
Stealth        | 1 2 3 4 5 |  5.3
Dodging        | 3 4 5 7 8 9 10 11 12 | 12.0
Evocations     | 1 3 4 5 7 8 9 11 12 | 12.0
Ranged Weapons | 3 4 7 8 |  8.0
Throwing       | 3 4 5 8 12 13 | 13.2

Action                     |  1- 3 |  4- 6 |  7- 9 | 10-12 | 13-15 | 16-18 | 19-21 || total
---------------------------+-------+-------+-------+-------+-------+-------+-------++-------
  Melee: Hand axe          |    84 |   110 |   202 |   162 |   113 |       |       ||   671
         Headbutt          |    10 |    18 |    55 |   120 |   118 |   163 |    21 ||   505
         Punch             |       |       |     7 |     4 |     2 |       |       ||    13
         War axe           |       |       |    84 |   399 |       |       |       ||   483
         Battleaxe         |       |       |       |       |   487 |   836 |    97 ||  1420
         Executioner's axe |       |       |       |       |    13 |       |       ||    13
         Broad axe         |       |       |       |       |     3 |       |       ||     3
   Fire: Orcbow            |    28 |    44 |   104 |   214 |   255 |    86 |       ||   731
  Throw: Dart              |       |       |    11 |    16 |    16 |   191 |       ||   234
         Boomerang         |       |       |       |       |       |   136 |    27 ||   163
         Javelin           |       |       |       |       |       |     2 |    24 ||    26
 Invoke: Trog's Hand       |       |       |     2 |     1 |     4 |     1 |       ||     8
         Berserk           |       |       |     3 |     3 |     4 |     5 |       ||    15
         Brothers in Arms  |       |       |       |     3 |     1 |       |       ||     4
  Evoke: Wand              |       |       |     3 |       |       |    15 |     3 ||    21
         Phial of floods   |       |       |       |       |       |     2 |     1 ||     3
    Use: Scroll            |       |       |     7 |    11 |    11 |     4 |     2 ||    35
         Potion            |       |       |     1 |       |     4 |     2 |     3 ||    10
   Stab: Sleeping          |     1 |     3 |       |     4 |       |       |       ||     8
         Paralysed         |       |       |     9 |       |       |       |       ||     9
         Distracted        |       |       |       |       |     2 |     1 |       ||     3
 Armour: Animal skin       |    10 |       |       |       |       |       |       ||    10
         Chain mail        |     4 |       |       |       |       |       |       ||     4
         Leather armour    |     2 |    21 |   117 |       |       |       |       ||   140
         Ring mail         |       |       |    14 |   180 |   331 |   134 |       ||   659
         Plate armour      |       |       |       |       |       |   780 |    70 ||   850
         Skin              |       |       |       |       |       |       |    47 ||    47
         Scale mail        |       |       |       |       |       |       |    41 ||    41
  Dodge: Dodged            |    53 |    75 |   165 |   309 |   429 |   718 |    95 ||  1844

Table legend: (Time is in decaauts)
 A = Elapsed time spent in this place.
 B = Non-inter-level travel time spent in this place.
 C = Inter-level travel time spent in this place.
 D = Time resting spent in this place.
 E = Time spent auto-exploring this place.
 F = Levels seen in this place.
 G = Mean time per level.
                   A        B        C        D        E       F      G
               +--------+--------+--------+--------+--------+-----+--------+
         Total |  39493 |  33974 |   5519 |   1514 |  22408 |  35 | 1128.4 |
       Dungeon |  17523 |  14757 |   2766 |    768 |  10267 |  15 | 1168.2 |
        Temple |      4 |      4 |      0 |      3 |      0 |   1 |    4.0 |
          Lair |   6601 |   5669 |    932 |    169 |   3941 |   5 | 1320.2 |
        Shoals |   5644 |   4961 |    683 |    336 |   3233 |   4 | 1411.0 |
   Spider Nest |   6124 |   5403 |    721 |    194 |   3350 |   4 | 1531.0 |
  Orcish Mines |   2296 |   1881 |    415 |     38 |   1157 |   2 | 1148.0 |
        Vaults |    205 |    205 |      0 |      0 |      0 |   1 |  205.0 |
         Sewer |    453 |    453 |      0 |      0 |    219 |   1 |  453.0 |
        Wizlab |    222 |    222 |      0 |      5 |      0 |   1 |  222.0 |
      Gauntlet |    417 |    417 |      0 |      0 |    240 |   1 |  417.0 |
               +--------+--------+--------+--------+--------+-----+--------+

Top non-repeatable levels by time:
Shoals:3: 2578 daAuts
     D:8: 2221 daAuts
Spider:2: 1756 daAuts
Spider:4: 1718 daAuts
     D:9: 1690 daAuts
  Lair:1: 1680 daAuts
Spider:3: 1605 daAuts
     D:5: 1471 daAuts
  Lair:2: 1380 daAuts
  Lair:3: 1376 daAuts
  Lair:5: 1327 daAuts
    D:10: 1314 daAuts
Shoals:2: 1277 daAuts
    D:11: 1257 daAuts
     D:7: 1227 daAuts
